 Dungeon Crawl Stone Soup version 0.18-a0-1683-gf9322e6 (webtiles) character file.

202 namelastname112 the Slasher (level 5, -1/70 HPs)
             Began as a Draconian Berserker on Apr 4, 2016.
             Was a Believer of Trog.
             Slain by an orc (4 damage)
             ... on level 3 of the Dungeon.
             The game lasted 00:01:48 (1818 turns).

namelastname112 the Slasher (Draconian Berserker)   Turns: 1818, Time: 00:01:49

Health: -1/70      AC:  5    Str: 24    XL:     5   Next: 50%
Magic:  5/5        EV: 13    Int:  8    God:    Trog [**....]
Gold:   166        SH:  0    Dex: 11    Spells: 0 memorised, 4 levels left

rFire  . . .     SeeInvis .     o - +4 falchion
rCold  . . .     Gourm    .     (armour unavailable)
rNeg   . . .     Faith    .     (no shield)
rPois  +         Spirit   .     (helmet restricted)
rElec  .         Dismiss  .     (no cloak)
rCorr  .         Reflect  .     (no gloves)
SustAt .         Harm     .     (no boots)
MR     +....                    (no amulet)
Stlth  ..........               d - ring of protection from magic
                                c - ring of poison resistance

@: berserking, very quick, somewhat resistant to hostile enchantments, extremely
unstealthy
A: unfitting armour, cold-blooded, AC +5
a: Berserk, Trog's Hand, Burn Spellbooks, Renounce Religion


You were on level 3 of the Dungeon.
You worshipped Trog.
Trog was pleased with you.
You were not hungry.

You visited 1 branch of the dungeon, and saw 3 of its levels.

You collected 166 gold pieces.

Inventory:

Hand Weapons
 o - a +4 falchion (weapon)
Jewellery
 c - a ring of poison resistance (left hand)
 d - a ring of protection from magic (right hand)
Scrolls
 f - a scroll of fog {unknown}
 g - a scroll of magic mapping {unknown}
 j - 3 scrolls of remove curse {unknown}
 m - a scroll of amnesia {unknown}
 q - 2 scrolls of identify {unknown}
 s - a scroll of blinking {unknown}
Potions
 e - a potion of degeneration {unknown}
 h - 2 potions of curing {unknown}
 i - a potion of haste {unknown}
 k - a potion of cure mutation {unknown}
 l - a potion of flight {unknown}
 n - a potion of magic {unknown}
 r - a potion of cancellation {unknown}
 t - a potion of heal wounds {unknown}
Comestibles
 a - a meat ration
 b - 2 bread rations
 p - 5 chunks of flesh


   Skills:
 + Level 4.5 Fighting
 * Level 5.0 Long Blades
 + Level 3.4 Dodging


You had 4 spell levels left.
You didn't know any spells.

Dungeon Overview and Level Annotations

Branches:
Dungeon (3/15)

Altars:
Cheibriados


Innate Abilities, Weirdness & Mutations

Your plain brown scales are hard (AC +5).
Your body does not fit into most forms of armour.
You are cold-blooded and may be slowed by cold attacks.


Message History

You are too injured to fight recklessly!
You are too injured to fight recklessly!
You are too injured to fight recklessly!
A red film seems to cover your vision as you go berserk!
You feel yourself moving faster!
You feel mighty!
You feel somewhat more hungry. The orc priest hits you with a war axe.
* * * LOW HITPOINT WARNING * * *
You slash the orc priest!
You kill the orc priest!
Trog accepts your kill.
Your Long Blades skill increases to level 5!
You slash the orc!
You kill the orc!
Trog accepts your kill. The orc closely misses you.
You slash the orc!
You kill the orc!
Trog accepts your kill. The orc hits you.
You die...

####### ......# # ......# #
......# # ......######### #
..............######## #### #
........o####........# #..### #
.....##.....###o)....# #....###
.....##.#.#...##@)...# #.##....
.....##.....#......#######.#####.
.....####.#.######...#.....# #.
......# #...### ####.##### ##
.####.####....# ##..# ## .##
#......##.######..## ###. ..#
#####............#########(.. #.#
##.#.#.....###.........#. #.#
#.#...###..##.#########.


You could see an orc.

Vanquished Creatures
  Purgy (D:3)
  An orc priest (D:3)
  3 adders
  An ooze (D:2)
  A worm (D:3)
  3 dart slugs (D:1)
  A giant gecko (D:2)
  3 orcs (D:3)
  2 giant cockroaches (D:1)
  7 hobgoblins
  2 jackals (D:1)
  3 kobolds
  4 bats
  2 giant newts (D:1)
  3 goblins
  3 rats
40 creatures vanquished.

Notes
Turn   | Place    | Note
--------------------------------------------------------------
     0 | D:1      | namelastname112 the Draconian Berserker began the quest for the Orb.
     0 | D:1      | Reached XP level 1. HP: 19/19 MP: 1/1
   159 | D:1      | Reached XP level 2. HP: 26/26 MP: 2/2
   809 | D:2      | Reached XP level 3. HP: 31/33 MP: 3/3
   861 | D:2      | Reached ** piety under Trog
   925 | D:2      | Found a snail-covered altar of Cheibriados.
  1328 | D:2      | Reached skill level 4 in Long Blades
  1536 | D:3      | Reached XP level 4. HP: 40/40 MP: 4/4
  1598 | D:3      | Noticed Purgy
  1608 | D:3      | Killed Purgy
  1608 | D:3      | Reached XP level 5. HP: 47/47 MP: 5/5
  1815 | D:3      | HP: 3/70 [orc priest/war axe (3)]
  1816 | D:3      | Reached skill level 5 in Long Blades
  1818 | D:3      | Slain by an orc

Vault maps used:
D:1:      minmay_arrival_cross, item_on_display_b
D:2:      cheibriados_altar_1
D:3:      first_bread, uniq_purgy

Skill      XL: |  1  2  3  4  5 |
---------------+----------------+-----
Dodging        | 3 |  3.4
Long Blades    | 4 5 |  5.0
Fighting       | 4 |  4.5

Action                   |  1- 3 |  4- 6 || total
-------------------------+-------+-------++-------
Melee: Falchion          |    73 |    17 ||    90
Invok: Berserk           |       |     2 ||     2
 Stab: Sleeping          |     2 |       ||     2
  Eat: Chunk             |     2 |     2 ||     4
